 Dungeon Crawl Stone Soup version 0.31-a0-331-geda263fcf1 (webtiles) character file.

Game seed: 7411821565502751169

572 Monkooky the Mimic (level 7, 0/28 HPs)
             Began as a Spriggan Artificer on July 19, 2023.
             Was a Believer of Lugonu.
             Slain by a black bear (5 damage)
             ... on level 5 of the Dungeon.
             The game lasted 00:08:08 (3412 turns).

Monkooky the Mimic (Spriggan Artificer)             Turns: 3412, Time: 00:08:09

Health: 0/28       AC:  0    Str: 10    XL:     7   Next: 12%
Magic:  8/8        EV: 18    Int: 12    God:    Lugonu [**....]
Gold:   249        SH:  0    Dex: 16    Spells: 6/6 levels left

rFire   . . .        B - melded +1 short sword (elec)
rCold   . . .        (shield currently unavailable)
rNeg    . . .        b - +0 robe
rPois   .            (helmet restricted)
rElec   .            (no cloak)
rCorr   .            (gloves unavailable)
SInv    +            (boots unavailable)
Will    .....        (no amulet)
Stlth   ++           (no ring)
HPRegen 0.24/turn    (no ring)
MPRegen 0.11/turn

%: no passive effects
@: blade hands, weak-willed, very quick
A: reduced hp, very small, no large weapons, unfitting armour, see invisible,
speed 3
a: Begin Untransformation, Renounce Religion, Depart the Abyss, Banish


You were on level 5 of the Dungeon.
You worshipped Lugonu.
Lugonu was pleased with you.
You had blades for hands.
You visited 1 branch of the dungeon, and saw 5 of its levels.

You collected 249 gold pieces.

Inventory:

Hand Weapons
 a - a +0 club
 g - a +0 heavy hand axe
 B - a +1 short sword of electrocution (melded)
Armour
 b - a +0 robe (worn)
Magical Staves
 u - a staff of air
Talismans
 i - a storm talisman
 k - a serpent talisman
 q - a beast talisman
 x - a blade talisman
Wands
 d - a wand of charming (12)
 e - a wand of iceblast (4)
Scrolls
 h - 2 scrolls of vulnerability
 o - a scroll of fog
 p - 3 scrolls of identify
 t - a scroll of revelation
 y - a scroll of noise {unknown}
 z - a scroll of enchant weapon {unknown}
 A - 2 scrolls of teleportation {unknown}
Potions
 f - a potion of degeneration {unknown}
 j - 4 potions of curing
 l - 2 potions of heal wounds {unknown}
 m - a potion of cancellation {unknown}
 n - a potion of attraction {unknown}
 r - a potion of enlightenment {unknown}
 s - a potion of mutation {unknown}
 v - a potion of invisibility {unknown}
 w - a potion of might {unknown}


   Skills:
 - Level 0.7 Fighting
 - Level 3.2 Dodging
 - Level 1.5 Stealth
 - Level 4.6 Evocations
 + Level 8.0 Shapeshifting


You had 6 spell levels left.
You didn't know any spells.
Your spell library contained the following spells:

 Spells                   Type           Power      Damage    Failure   Level
 Apportation              Tloc           0%         N/A       75%         1
 Magic Dart               Conj           0%         1d3       75%         1
 Necrotise                Necr           0%         1d4       75%         1
 Slow                     Hex            0%         N/A       75%         1
 Summon Small Mammal      Summ           0%         N/A       75%         1
 Call Imp                 Summ           0%         N/A       85%         2
 Confusing Touch          Hex            0%         N/A       95%         3
 Mephitic Cloud           Conj/Pois/Air  0%         N/A       95%         3
 Vampiric Draining        Necr           0%         2d6       95%         3


Dungeon Overview and Level Annotations

Branches:
Dungeon (5/15)             Temple (0/1) D:5

Altars:
Kikubaaqudgha
Wu Jian
Lugonu

Annotations:
D:2 Sigmund
D:3 exclusion: downstairs


Innate Abilities, Weirdness & Mutations

You have blades for hands.
Your maximum health is decreased, since you lack skill for your form.
Your spellcasting is less reliable in this form.
You are incapable of wielding weapons or throwing items.
You are very small and have problems with some larger weapons.
You are too small for most types of armour.
You have supernaturally acute eyesight. (SInv)
You cover ground extremely quickly. (Speed+++)


Message History

Press: ? - help, Q - select action, (/) - cycle Shift-Dir - straight line, f/p - ogre
Aim: an ogre, wielding a +0 giant club (heavily wounded, very poisoned, 88% to hit)
The puff of flame hits the ogre!
The ogre is severely wounded.
The now-empty wand crumbles to dust.
A black bear comes into view.
Found a stone staircase leading down.
Found a hand axe.
A scorpion comes into view.
Found 15 gold pieces.
Lugonu accepts your kill.
You feel a bit more experienced.
An iguana comes into view.
Your Shapeshifting skill increases to level 8!
You have reached level 7!
The iguana hisses angrily.
An iguana comes into view.
Aiming: Charm
Press: ? - help, Shift-Dir - straight line, f - iguana
Aim: an iguana (chance to affect: 69%)
The iguana struggles to resist.
The iguana hisses angrily.
Unknown command.
Okay, then.
As you read the scroll labelled OTHROA EBOIRHO, it crumbles to dust.
Magic quickly surges around you.
It was a scroll of vulnerability.
The scorpion closely misses you. The scorpion stings you.
* * * LOW HITPOINT WARNING * * *
You are lethally poisoned!
The scorpion poisons you!
Unknown command.
Okay, then.
* * * LOW HITPOINT WARNING * * *
You feel sick.
It was a potion of curing.
You feel better. The scorpion stings you. The black bear bites you.
* * * LOW HITPOINT WARNING * * *
The black bear claws you.
You die...

###.............#.##.............
#...#..†..........#..............
#.#....O###.......#.....O........
#....O##...##.....#.###...#......
#+#..#..###..#...... ####.# .....
....#..#... ..#...## #.##.# ....
.... .#. ##.# .## #.##.# ... ...#
#.#. #######.##.# .. ... .#.>
#@s...#>...#... . ..O .# ..
#lh............). ... . ##.
#.l......#........
#........#........
#..#......#........
#...#......#........
.....#......#.....###
#.##.#....$.#...... ########


You could see a black bear (weak-willed), a scorpion (weak-willed) and 2
iguanas.

Vanquished Creatures
  2 black bears (D:4)
  A centaur (D:3)
  A jelly (D:5)
  A sleepcap (D:4)
  An orc wizard (D:4)
  3 gnolls (D:4)
  2 adders
  A dart slug (D:3)
  9 orcs
  5 bats
  7 endoplasms
  3 giant cockroaches
  5 hobgoblins
  6 quokkas
  3 ball pythons
  5 frilled lizards
  A goblin (D:1)
  4 kobolds
  8 rats
68 creatures vanquished.

Vanquished Creatures (collateral kills)
  An ogre (D:5)
1 creature vanquished.

Vanquished Creatures (others)
  2 scorpions (D:5)
2 creatures vanquished.

Grand Total: 71 creatures vanquished

Notes
Turn   | Place    | Note
-------+----------+-------------------------------------------
     0 | D:1      | Monkooky the Spriggan Artificer began the quest for the
                  | Orb.
     0 | D:1      | Reached XP level 1. HP: 9/9 MP: 2/2
   121 | D:1      | Reached XP level 2. HP: 14/14 MP: 3/3
   130 | D:1      | Reached skill level 1 in Shapeshifting
   354 | D:1      | Found a faded altar of an unknown god.
   377 | D:1      | Prayed at the altar of an unknown god.
   377 | D:1      | Became a worshipper of Lugonu the Unformed
   377 | D:1      | Reached * piety under Lugonu
   734 | D:2      | Reached skill level 2 in Shapeshifting
   741 | D:2      | Reached XP level 3. HP: 17/17 MP: 4/4
   947 | D:2      | Found an ancient bone altar of Kikubaaqudgha.
  1151 | D:2      | Noticed Sigmund
  1645 | D:3      | Found an ornate altar of the Wu Jian Council.
  1658 | D:3      | Reached skill level 3 in Shapeshifting
  1838 | D:3      | Reached ** piety under Lugonu
  1936 | D:3      | Noticed a centaur
  1951 | D:3      | Killed a centaur
  1952 | D:3      | Reached skill level 4 in Shapeshifting
  1952 | D:3      | Reached XP level 4. HP: 5/21 MP: 5/5
  2300 | D:3      | Reached XP level 5. HP: 23/25 MP: 6/6
  2670 | D:4      | Noticed a black bear
  2675 | D:4      | Reached skill level 5 in Shapeshifting
  2675 | D:4      | Killed a black bear
  2676 | D:4      | Reached skill level 6 in Shapeshifting
  2689 | D:4      | Reached XP level 6. HP: 27/29 MP: 7/7
  3017 | D:4      | Reached skill level 7 in Shapeshifting
  3324 | D:5      | Entered Level 5 of the Dungeon
  3346 | D:5      | Found a staircase to the Ecumenical Temple.
  3404 | D:5      | Reached skill level 8 in Shapeshifting
  3404 | D:5      | Reached XP level 7. HP: 10/32 MP: 8/8
  3412 | D:5      | Slain by a black bear

Illustrated notes

Levels and vault maps discovered:
D:1:      onia_arrival_mini_spirals, layout_basic,
          dreamdust_ecumenical_altar_statues
D:2:      layout_basic, basic_altar, uniq_sigmund
D:3:      layout_loops_cross, nicolae_wu_jian_immortal_techniques
D:4:      layout_gridville, minivault_24, minmay_quantized
D:5:      cheibrodos_fertilizer, layout_basic, minmay_temple_entry_steel_oval,
          portal_sewer_entry_d, serial_rivers, chequers_serial_rivers_large_b,
          chequers_serial_rivers_micro_d, chequers_serial_rivers_micro_c,
          chequers_serial_rivers_micro_a, serial_shops, shop, st_stairs_2,
          grunt_tough_drop

Skill      XL: |  1  2  3  4  5  6 |
---------------+-------------------+-----
Shapeshifting  | 2 4 6 8 |  8.0
Fighting       | |  0.7
Dodging        | |  3.2
Stealth        | |  1.5
Evocations     | |  4.6

Action                     |  1- 3 |  4- 6 |  7- 9 || total
---------------------------+-------+-------+-------++-------
  Melee: Club              |    11 |       |       ||    11
         Hand axe          |    79 |       |       ||    79
         Punch             |     1 |       |       ||     1
         Staff             |    18 |    53 |       ||    71
         Unarmed           |       |    22 |       ||    22
         Short sword       |       |    13 |       ||    13
  Evoke: Wand              |     7 |    11 |     1 ||    19
    Use: Scroll            |       |     2 |     1 ||     3
         Potion            |       |       |     1 ||     1
   Stab: Sleeping          |     5 |     1 |       ||     6
 Armour: Robe              |    19 |     6 |       ||    25
  Dodge: Dodged            |   139 |    67 |     1 ||   207
   Form: Beast             |     1 |       |       ||     1
         Blade             |       |     2 |       ||     2
         Anaconda          |       |     1 |       ||     1

Table legend: (Time is in decaauts)
 A = Elapsed time spent in this place.
 B = Non-inter-level travel time spent in this place.
 C = Inter-level travel time spent in this place.
 D = Time resting spent in this place.
 E = Time spent auto-exploring this place.
 F = Levels seen in this place.
 G = Mean time per level.
                   A        B        C        D        E       F      G
               +--------+--------+--------+--------+--------+-----+--------+
         Total |   2431 |   2317 |    114 |     66 |   1621 |   5 |  486.2 |
       Dungeon |   2431 |   2317 |    114 |     66 |   1621 |   5 |  486.2 |
               +--------+--------+--------+--------+--------+-----+--------+

Top non-repeatable levels by time:
     D:2: 619 daAuts
     D:3: 612 daAuts
     D:4: 602 daAuts
     D:1: 533 daAuts
     D:5: 62 daAuts
